 Dungeon Crawl Stone Soup version 0.32-a0-928-g1cae6b7 (webtiles) character file.

Game seed: 12830045397775281348

204 debbie the Changeling (level 5, -3/33 HPs)
             Began as an Octopode Shapeshifter on Apr 12, 2024.
             Splashed by a jelly's acid (10 damage)
             ... on level 3 of the Dungeon.
             The game lasted 00:04:30 (2140 turns).

debbie the Changeling (Octopode Shapeshifter)       Turns: 2140, Time: 00:04:30

Health: -3/33      AC: -3    Str: 15    XL:     5   Next: 82%
Magic:  5/5        EV: 12    Int: 19    God:
Gold:   125        SH:  0    Dex: 17    Spells: 4/4 levels left

rFire   . .          .
                       - Unarmed
rCold   . . .        (no shield)
rNeg    . . .        (helmet currently unavailable)
rPois   .            (no amulet)
rElec   .            f - +6 ring of dexterity
rCorr   .            g - +6 ring of intelligence
SInv    .            (no ring)
Will    .....        (no ring)
Stlth   ++++         (no ring)
HPRegen 0.25/turn    (no ring)
MPRegen 0.09/turn    (no ring)
                     (no ring)

%: no passive effects
@: beast-form, corroded
A: beast (slay +2), almost no armour, amphibious, 8 rings, camouflage 1,
gelatinous body 1, (nimble swimmer 1), tentacles
a: Begin Untransformation


You were on level 3 of the Dungeon.
You were a hulking beast.
You visited 1 branch of the dungeon, and saw 3 of its levels.

You collected 125 gold pieces.

Inventory:

Magical Staves
 i - a staff of death
Jewellery
 f - a +6 ring of dexterity (left tentacle)
 g - a +6 ring of intelligence (right tentacle)
Talismans
 b - a beast talisman (active)
 c - a flux talisman
Wands
 j - a wand of polymorph (2)
Scrolls
 d - 2 scrolls of amnesia
 h - a scroll of blinking
Potions
 a - a potion of lignification
 k - a potion of might {unknown}


   Skills:
 - Level 1.0 Fighting
 - Level 2.0 Dodging
 + Level 4.6 Stealth
 - Level 3.0 Unarmed Combat
 + Level 5.0 Shapeshifting


You had 4 spell levels left.
You didn't know any spells.
Your spell library contained the following spells:

 Spells                   Type           Power      Damage    Failure   Level
 Ensorcelled Hibernation  Hex/Ice        0%         N/A       30%         2
 Call Canine Familiar     Summ           0%         N/A       52%         3
 Fugue of the Fallen      Necr           0%         N/A       52%         3
 Sigil of Binding         Hex            0%         N/A       52%         3
 Anguish                  Hex/Necr       0%         N/A       90%         4
 Dimensional Bullseye     Hex/Tloc       0%         N/A       90%         4


Dungeon Overview and Level Annotations

Branches:
Dungeon (3/15)

Altars:
Beogh

Shops:
D:1 ((!*?


Innate Abilities, Weirdness & Mutations

You are a hulking beast.
Your limbs bulge with bestial killing power. (Slay +2)
You cannot wear most types of armour.
You are amphibious.
You can wear up to eight rings at the same time.
Your skin changes colour to match your surroundings (Stealth+).
Your rubbery body absorbs attacks. (AC +1, EV +1)
((You are camouflaged when in or above water. (Stealth+)))
You have tentacles for arms and can constrict up to eight enemies at once.


Message History

The phantom is severely damaged.
The phantom closely misses you.
You barely miss the phantom.
The phantom is severely damaged.
The phantom closely misses you. The jelly barely misses you.
You closely miss the phantom. You squeeze the phantom!
The phantom is almost destroyed.
The phantom barely misses you. The jelly hits you. The acid corrodes you!
You are splashed with acid!
You closely miss the phantom.
The phantom is almost destroyed.
The phantom hits you. The jelly hits you.
You are splashed with acid!
* * * LOW HITPOINT WARNING * * *
You are too injured to fight recklessly!
You are too injured to fight recklessly!
You are too injured to fight recklessly!
You feel better. The phantom hits you.
* * * LOW HITPOINT WARNING * * *
The phantom blinks!
You blink.
You barely miss the phantom.
You tentacle-slap the phantom, but do no damage.
The phantom is almost destroyed.
The phantom hits you.
* * * LOW HITPOINT WARNING * * *
You feel better. The phantom closely misses you.
You tentacle-slap the phantom.
You destroy the phantom!
Your Stealth skill increases to level 4!
Your Shapeshifting skill increases to level 5!
The jelly jiggles.
You tentacle-slap the jelly.
Your tentacles burn!
You squeeze the jelly, but do no damage.
The jelly is moderately wounded.
The jelly closely misses you.
You tentacle-slap the jelly.
Your tentacles burn!
The jelly is heavily wounded.
The jelly hits you.
* * * LOW HITPOINT WARNING * * *
You are splashed with acid!
You die...

##### ....
##..# #+##
#...#.....
#...#.....
#.h.'##+ #+
#.J.#..# .
#...#..#'#
#...#..#.
#...'..'
#####..# #..# #
#..#
#.'##'##+##+##+


You could see a jelly.

Vanquished Creatures
  A phantom (D:3)
  Terence (D:3)
  Robin (D:2)
  2 adders (D:2)
  3 dart slugs
  4 orcs (D:3)
  5 endoplasms
  4 giant cockroaches (D:1)
  13 goblins
  4 hobgoblins (D:2)
  5 kobolds
  4 quokkas
  8 ball pythons
  3 bats (D:1)
  4 frilled lizards
  4 rats
66 creatures vanquished.

Notes
Turn   | Place    | Note
-------+----------+-------------------------------------------
     0 | D:1      | debbie the Octopode Shapeshifter began the quest for the
                  | Orb.
     0 | D:1      | Reached XP level 1. HP: 13/13 MP: 1/1
    32 | D:1      | Found Izas's Distillery.
    61 | D:1      | Reached skill level 1 in Stealth
    92 | D:1      | Reached XP level 2. HP: 18/18 MP: 2/2
   131 | D:1      | Found Pegapuul's Weapon Boutique.
   226 | D:1      | Found Puatraem's Assorted Antiques.
   241 | D:1      | Found Ruoca's Weapon Shop.
   241 | D:1      | Noticed a +0 demon blade
   259 | D:1      | Noticed a +0 executioner's axe
   264 | D:1      | Reached XP level 3. HP: 23/23 MP: 3/3
   355 | D:1      | Found a roughly hewn altar of Beogh.
   398 | D:1      | Found a faded altar of an unknown god.
   556 | D:1      | Found Nemp's Magic Scroll Emporium.
   871 | D:2      | Reached skill level 4 in Shapeshifting
   877 | D:2      | Reached XP level 4. HP: 18/28 MP: 4/4
  1239 | D:2      | Noticed Robin
  1272 | D:2      | Killed Robin
  1935 | D:3      | Noticed Terence
  1994 | D:3      | Noticed a phantom
  2032 | D:3      | Killed Terence
  2033 | D:3      | Reached XP level 5. HP: 26/33 MP: 5/5
  2123 | D:3      | Noticed a phantom
  2136 | D:3      | Killed a phantom
  2137 | D:3      | Reached skill level 5 in Shapeshifting
  2140 | D:3      | Splashed by a jelly's acid

Illustrated notes

Levels and vault maps discovered:
D:1:      dreamdust_arrival_sigmund_warning, layout_loops_ring, serial_shops,
          nicolae_shop_industrial_runoff, shop, nicolae_shop_mannequins, shop,
          shop, hellmonk_ecumenical_altar_defaced_shrine, grunt_decor_junction,
          minmay_pentomino_z2
D:2:      layout_basic, uniq_robin
D:3:      layout_basic, mainiacjoe_overflow_24_doors,
          nicolae_hepliaklqana_hazy_memory, uniq_terence

Skill      XL: |  1  2  3  4  5 |
---------------+----------------+-----
Stealth        | 1 2 3 4 |  4.6
Shapeshifting  | 4 5 |  5.0
Fighting       | |  1.0
Dodging        | |  2.0
Unarmed Combat | |  3.0

Action                     |  1- 3 |  4- 6 || total
---------------------------+-------+-------++-------
  Melee: Unarmed           |    54 |    56 ||   110
         Constrict         |    14 |    12 ||    26
         Tentacles         |     6 |    15 ||    21
         Punch             |     1 |     3 ||     4
    Use: Scroll            |     3 |     1 ||     4
         Potion            |       |     2 ||     2
   Stab: Sleeping          |    10 |     5 ||    15
 Armour: Skin              |    26 |    30 ||    56
  Dodge: Dodged            |    22 |    41 ||    63

Table legend: (Time is in decaauts)
 A = Elapsed time spent in this place.
 B = Non-inter-level travel time spent in this place.
 C = Inter-level travel time spent in this place.
 D = Time resting spent in this place.
 E = Time spent auto-exploring this place.
 F = Levels seen in this place.
 G = Mean time per level.
                   A        B        C        D        E       F      G
               +--------+--------+--------+--------+--------+-----+--------+
         Total |   2133 |   2004 |    129 |    278 |   1377 |   3 |  711.0 |
       Dungeon |   2133 |   2004 |    129 |    278 |   1377 |   3 |  711.0 |
               +--------+--------+--------+--------+--------+-----+--------+

Top non-repeatable levels by time:
     D:2: 1175 daAuts
     D:1: 838 daAuts
     D:3: 120 daAuts
